cohdb
Replays
Latest Replays
All Replays
Popular Replays
Top Player Replays
Match Explorer
How It Works
Community
CoH3 Stats
Reddit
Sign in to upload your games and track your stats! →
Sign in with Steam
Match 47425277
Unlisted
Match 47425277
Overview
Messages
Build Orders
End
Kradschützen Motorcycle Team
Panzergrenadier Squad
Selects Battlefield Espionage Battlegroup
250 Light Carrier
Panzergrenadier Squad
Construct Light Support Kompanie
MG34 Team
Panzerjäger Mechanized Group
Fire Support Elements
Flakvierling Half-track
Vehicle Survival Package
Selects Intel Disruption Beacon
Selects Plunder
Pak 38 Anti-tank Gun Team
2.5-tonne Medical Truck
Construct Panzerarmee Kommand
MG34 Team
Pak 38 Anti-tank Gun Team
Selects 250/3 Funkpanzerwagen
Selects Anti-Tank Incendiary Munitions
Selects Disruption Operation
Panzerpioneer Squad
Panzer III L Medium Tank
Panzerpioneer Squad
Disruption Operation
Assault Mechanized Group
Panzerpioneer Squad
Disruption Operation
Panzer III L Medium Tank
Assault Mechanized Group
Assault Mechanized Group
RRREEEIII
desertBeliever
0
0
Comments
sign in to comment!
No comments posted yet!